 Dungeon Crawl Stone Soup version 0.23-a0-384-g3a68796 (webtiles) character file.

57829 Cryolive the Geomancer (level 14, -7/87 HPs)
             Began as a Gargoyle Earth Elementalist on Oct 27, 2018.
             Was a High Priest of Vehumet.
             Mangled by a shadow (10 damage)
             ... on level 12 of the Dungeon.
             The game lasted 02:24:46 (32497 turns).

Cryolive the Geomancer (GrEE)                      Turns: 32497, Time: 02:24:47

Health: -7/87      AC: 16    Str: 12    XL:     14   Next: 87%
Magic:  0/26       EV: 15    Int: 25    God:    Vehumet [*****.]
Gold:   1455       SH:  0    Dex: 10    Spells: 13/29 levels left

rFire    . . .     SeeInvis .   M - +8 mace "Pamighax" {flame, +Blink +Fly MR+}
rCold    + . .     Gourm    .   (no shield)
rNeg     + . .     Faith    .   Z - +2 robe
rPois    ∞         Spirit   .   b - +2 hat {MR+}
rElec    +         Reflect  .   j - scarf {cloud immunity}
rCorr    .         Harm     .   (no gloves)
MR       +++..                  (no boots)
Stlth    ++........             E - amulet of regeneration
HPRegen  0.64/turn              u - +4 ring of intelligence
MPRegen  0.20/turn              v - ring of protection from cold

@: flying
A: big wings, negative energy resistance 1, electricity resistance, unbreathing,
petrification resistance, rot immunity, AC +10
a: Stop Flying, Renounce Religion, Evoke Blink


You were on level 12 of the Dungeon.
You worshipped Vehumet.
Vehumet was extremely pleased with you.
You were not hungry.

You visited 3 branches of the dungeon, and saw 20 of its levels.
You also visited: Labyrinth and Sewer.

You collected 1455 gold pieces.

Inventory:

Hand Weapons
 M - the +8 mace "Pamighax" (weapon) {flame, +Blink +Fly MR+}
   (You found it on level 9 of the Dungeon)

   It has been specially enchanted to burn those struck by it, causing extra
   injury to most foes and up to half again as much damage against particularly
   susceptible opponents.
   It affects your resistance to hostile enchantments.
   It lets you fly.
   It lets you blink.
Missiles
 A - 333 stones (quivered)
Armour
 b - a +2 hat of magic resistance (worn)
 j - a scarf of cloud immunity (worn)
 S - a +0 shield
 Z - a +2 robe (worn)
Magical Staves
 s - an uncursed staff of power
Jewellery
 u - a +4 ring of intelligence (left hand)
 v - a ring of protection from cold (right hand)
 E - an amulet of regeneration (around neck)
Wands
 a - a wand of iceblast (5)
 c - a wand of paralysis (46)
 g - a wand of digging (15)
 C - a wand of acid (13)
 W - a wand of flame (48)
Scrolls
 e - 2 scrolls of fog
 i - a scroll of remove curse
 p - a scroll of magic mapping
 t - 7 scrolls of teleportation
 x - 4 scrolls of blinking
 H - a scroll of summoning
 U - a scroll of fear
Potions
 h - 3 potions of cancellation
 k - a potion of might
 l - 4 potions of haste
 n - a potion of heal wounds
 z - 5 potions of brilliance
 K - 3 potions of resistance
 Q - 2 potions of magic
 R - 10 potions of curing
Comestibles
 d - 34 rations
 f - 2 chunks of flesh


   Skills:
 + Level 9.6 Fighting
 + Level 7.4 Staves
 - Level 6.0 Armour
 + Level 7.6 Dodging
 - Level 2.1 Stealth
 - Level 4.0 Shields
 + Level 8.4 Spellcasting
 + Level 9.6 Conjurations
   Level 0.7 Transmutations
 * Level 10.8 Fire Magic
 + Level 11.2 Earth Magic
 + Level 7.8 Evocations


You had 13 spell levels left.
You knew the following spells:

 Your Spells              Type           Power        Failure   Level  Hunger
a - Sandblast             Erth           ######       1%          1    None
b - Stone Arrow           Conj/Erth      ######       1%          3    None
c - Lee's Rapid Deconstr  Erth           ######....   1%          5    ####...
d - Conjure Flame         Conj/Fire      ######..     1%          3    None
e - Sticky Flame          Conj/Fire      ######..     1%          4    ##.....

Your spell library contained the following spells:

 Spells                   Type           Power        Failure   Level  Hunger
 Ozocubu's Refrigeration  Ice            ##........   88%         6    ######.
 Flame Tongue             Conj/Fire      #####        1%          1    None
 Passwall                 Tmut/Erth      #####...     1%          2    None
 Throw Flame              Conj/Fire      ######       1%          2    None
 Ignite Poison            Fire/Tmut/Pois ####....     1%          3    None
 Inner Flame              Hex/Fire       #####...     1%          3    None
 Fireball                 Conj/Fire      ######....   1%          5    ####...
 Bolt of Fire             Conj/Fire      ######....   3%          6    ######.
 Petrify                  Tmut/Erth      #####...     4%          4    ##.....
 Apportation              Tloc           ##....       6%          1    None
 Corona                   Hex            ##.....      6%          1    None
 Leda's Liquefaction      Hex/Erth       #####.....   6%          4    ##.....
 Slow                     Hex            ##......     9%          2    None
 Song of Slaying          Chrm           ##......     9%          2    None
 Ozocubu's Armour         Chrm/Ice       ##......     17%         3    None
 Portal Projectile        Hex/Tloc       ##....       17%         3    None
 Cause Fear               Hex            ##........   50%         4    ##.....
 Ignition                 Fire           ######....   71%         8    #######
 Ring of Flames           Chrm/Fire      #####.....   99%         7    #######
 Deflect Missiles         Chrm/Air       ##........   100%        6    ######.
 Controlled Blink         Tloc           N/A          100%        8    #######


Dungeon Overview and Level Annotations

Branches:
Dungeon (13/15)            Temple (1/1) D:4            Lair (6/6) D:9
  Swamp (0/4) Lair:3        Snake (0/4) Lair:3        Slime (0/5) Lair:6
    Orc (0/2) D:9
 Vaults: D:13-14

Altars:
Ashenzari
Cheibriados
Dithmenos
Elyvilon
Fedhas
Gozag
Hepliaklqana
Kikubaaqudgha
Makhleb
Nemelex Xobeh
Okawaru
Qazlal
Ru
Sif Muna
Trog
Uskayaw
Vehumet
Wu Jian
Xom
Yredelemnul
Zin
The Shining One
Jiyva

Shops:
D:10 [   D:13 (

Annotations:
D:7 2 transporters, Raine357's ghost, novice TeCK
D:11 1 runed door, MatthieuS's ghost, journeyman DDWn
D:12 1 runed door, 90kv's ghost, journeyman MiHu


Innate Abilities, Weirdness & Mutations

You are resistant to torment.
Your stone body is resilient. (AC +10)
You are immune to poison.
Your large and strong wings let you fly indefinitely.
You resist negative energy. (rN+)
You are resistant to electric shocks. (rElec)
You can survive without breathing.
You are immune to petrification.
You are immune to rotting.


Message History

The skeletal warrior closely misses you.
The skeletal warrior hits you with a +0 dire flail!
* * * LOW HITPOINT WARNING * * *
The shadow slips into darkness.
The shadow flickers and vanishes!
Deactivating autopickup; reactivate with Ctrl-A.
Casting: Sandblast (safe; 1% risk of failure)
Confirm with . or Enter, or press ? or * to list all spells.
Aiming: Sandblast (safe; 1% risk of failure)
Press: ? - help, Shift-Dir - straight line, f - skeletal warrior
Aim: a skeletal warrior, wielding a +0 dire flail The blast of sand hits the skeletal warrior.
The skeletal warrior is lightly damaged.
A - 333 stones The skeletal warrior hits you with a +0 dire flail!
* * * LOW HITPOINT WARNING * * *
The skeletal warrior hits you with a +0 scimitar!
* * * LOW HITPOINT WARNING * * *
The shadow strikes at you from the darkness!
You die...

#################################
....#.......#...@z...............
....#.......+...z{...............
....#.......#....................
...##...##..####...##<...........
...##...##..#########...[........
...##....#............)..........
...##....#.................).....
.........#.........##...###..##..
...##...##....##...########..##'#


You could see 2 skeletal warriors.

Vanquished Creatures
  A minotaur (Lab)
  A fire dragon (D:8)
  Harold (D:8)
  5 hydras
  A centaur warrior (D:13)
  4 two-headed ogres
  A tengu warrior (D:9)
  A catoblepas (Lair:6)
  4 death yaks (Lair:6)
  A deep troll shaman (Lair:6)
  Urug (D:10)
  Sonja (D:12)
  A skeletal warrior (D:12)
  2 unseen horrors (Lab)
  2 lindwurms
  3 oklob plants (Lair:5)
  4 ugly things
  A manticore (D:12)
  2 deep elf magi
  2 cyclopes
  3 elephants
  2 torpor snails
  10 spiny frogs
  5 black mambas
  2 molten gargoyles (Lair:3)
  2 kobold demonologists
  6 komodo dragons
  4 trolls
  5 hippogriffs
  9 blink frogs
  A dream sheep (Lair:5)
  Sigmund (D:3)
  2 wyverns (Lair:4)
  3 redbacks (Lab)
  2 shadows
  A vampire (D:12)
  2 wraiths
  A spriggan (Lair:6)
  2 humans (D:10)
  50 yaks
  A fire elemental (Lair:2)
  4 basilisks
  5 vampire mosquitoes
  Eustachio (D:6)
  4 hungry ghosts (Lab)
  2 wargs
  Duvessa (D:6)
  7 water moccasins
  6 porcupines
  3 ice beasts
  6 orc warriors
  3 phantoms
  4 black bears
  8 ogres
  6 sky beasts
  2 necrophages
  20 wolves
  2 centaurs
  11 crocodiles
  An elf zombie (D:11)
  14 bullfrogs
  3 big kobolds
  A gnoll sergeant (D:10)
  An elf skeleton (D:11)
  A wyvern skeleton (D:11)
  4 scorpions
  Dowan (D:6)
  3 killer bees
  2 spriggan skeletons (Lab)
  9 wights
  An electric eel (Lair:2)
  5 howler monkeys
  2 bullfrog zombies
  2 centaur zombies
  7 crimson imps
  6 lava snakes
  6 jellies
  A quasit (D:9)
  5 centaur skeletons
  10 hounds
  3 human zombies (D:11)
  5 orc priests
  18 orc wizards
  Jessica (D:2)
  2 bullfrog skeletons
  Ijyb (D:3)
  5 iguanas
  9 worker ants
  A hound zombie (D:11)
  A hound skeleton (D:5)
  A mummy (D:11)
  A howler monkey zombie (D:9)
  Robin (D:2)
  4 gnolls (D:10)
  15 adders
  3 howler monkey skeletons
  5 river rats
  3 shadow imps
  2 oozes
  2 adder skeletons
  An adder zombie (D:5)
  8 worms
  3 dart slugs
  6 leopard geckos
  56 orcs
  4 bats
  3 giant cockroaches
  12 goblins
  12 hobgoblins
  18 jackals
  8 kobolds
  6 quokkas
  4 ball pythons
  A ball python skeleton (D:6)
  8 frilled lizards
  A jackal skeleton (D:7)
  14 rats
  27 plants
608 creatures vanquished.

Vanquished Creatures (collateral kills)
  A bush (Lair:2)
1 creature vanquished.

Vanquished Creatures (others)
  A fungus (Lair:3)
  7 plants
8 creatures vanquished.

Grand Total: 617 creatures vanquished

Notes
Turn   | Place    | Note
-------+----------+-------------------------------------------
     0 | D:1      | Cryolive the Gargoyle Earth Elementalist began the quest
                  | for the Orb.
     0 | D:1      | Reached XP level 1. HP: 10/10 MP: 3/3
    93 | D:1      | Reached XP level 2. HP: 4/16 MP: 0/5
   697 | D:1      | Reached skill level 1 in Armour
   715 | D:1      | Reached skill level 1 in Fighting
   739 | D:1      | Reached XP level 3. HP: 13/20 MP: 6/6
   790 | D:1      | Learned a level 3 spell: Stone Arrow
  1024 | D:2      | Reached skill level 4 in Earth Magic
  1231 | D:2      | Reached XP level 4. HP: 24/25 MP: 4/7
  1630 | D:2      | Reached skill level 1 in Conjurations
  1683 | D:2      | Noticed Robin
  1742 | D:2      | Killed Robin
  1920 | D:2      | HP: 1/26 [hobgoblin[Robin] (1)]
  2318 | D:2      | Reached XP level 5. HP: 30/30 MP: 8/8
  2351 | D:2      | Noticed Jessica
  2354 | D:2      | Killed Jessica
  2972 | D:3      | Noticed Ijyb
  2978 | D:3      | Paralysed by Ijyb for 3 turns
  2983 | D:3      | Paralysed by Ijyb for 5 turns
  2994 | D:3      | Paralysed by Ijyb for 2 turns
  2996 | D:3      | Killed Ijyb
  3093 | D:3      | Noticed Sigmund
  3364 | D:3      | Reached XP level 6. HP: 35/35 MP: 10/10
  3371 | D:3      | Learned a level 5 spell: Lee's Rapid Deconstruction
  4054 | D:3      | Killed Sigmund
  4272 | D:4      | Reached skill level 1 in Evocations
  4272 | D:4      | Reached XP level 7. HP: 27/40 MP: 5/11
  4458 | D:4      | Reached skill level 5 in Earth Magic
  4497 | D:4      | Found a staircase to the Ecumenical Temple.
  4710 | Temple   | Entered the Ecumenical Temple
  4745 | Temple   | Became a worshipper of Vehumet
  5447 | D:4      | Learned a level 3 spell: Conjure Flame
  5852 | D:5      | Entered Level 5 of the Dungeon
  6022 | D:5      | Reached XP level 8. HP: 42/46 MP: 10/13
  6068 | D:5      | Found a glowing drain.
  6097 | D:5      | Reached * piety under Vehumet
  6097 | D:5      | Offered knowledge of Magic Dart by Vehumet.
  6129 | Sewer    | Entered a sewer
  7181 | D:5      | Offered knowledge of Freeze by Vehumet.
  7354 | D:5      | Reached ** piety under Vehumet
  7718 | D:5      | Reached skill level 6 in Earth Magic
  7921 | D:6      | Noticed Eustachio
  7930 | D:6      | Killed Eustachio
  7937 | D:6      | Reached XP level 9. HP: 35/52 MP: 7/15
  7943 | D:6      | Learned a level 4 spell: Sticky Flame
  8256 | D:6      | Reached skill level 1 in Fire Magic
  8274 | D:6      | Offered knowledge of Ignite Poison by Vehumet.
  8503 | D:6      | Noticed Duvessa
  8743 | D:6      | Reached skill level 5 in Armour
  9197 | D:6      | Noticed Dowan
  9230 | D:6      | Killed Dowan
  9572 | D:6      | Killed Duvessa
  9685 | D:7      | Reached skill level 5 in Fighting
  9698 | D:7      | Reached *** piety under Vehumet
  9895 | D:7      | Reached skill level 5 in Conjurations
  9951 | D:7      | Found a transporter.
  9961 | D:7      | Noticed Raine357's ghost (novice TeCK)
  9980 | D:7      | Reached skill level 1 in Staves
 10031 | D:7      | Found a transporter.
 10091 | D:7      | Reached skill level 7 in Earth Magic
 10718 | D:8      | Noticed Harold
 10752 | D:8      | Offered knowledge of Airstrike by Vehumet.
 10772 | D:8      | Reached XP level 10. HP: 48/59 MP: 2/17
 10887 | D:8      | Noticed a two-headed ogre
 11028 | D:8      | Killed a two-headed ogre
 11028 | D:8      | Reached skill level 5 in Spellcasting
 11501 | D:8      | Found an ornate altar of the Wu Jian Council.
 12000 | D:8      | Killed Harold
 12307 | D:8      | Found a hazy altar of Hepliaklqana.
 12698 | D:9      | Reached **** piety under Vehumet
 12745 | D:9      | Found a staircase to the Orcish Mines.
 12932 | D:9      | Found a staircase to the Lair.
 12996 | D:9      | Noticed a tengu warrior
 13009 | D:9      | Reached skill level 5 in Dodging
 13255 | D:9      | Reached skill level 5 in Fire Magic
 13359 | D:9      | Killed a tengu warrior
 13359 | D:9      | Reached skill level 8 in Earth Magic
 13359 | D:9      | Reached XP level 11. HP: 15/64 MP: 0/19
 13512 | D:9      | Offered knowledge of Static Discharge by Vehumet.
 13648 | D:9      | Got a brightly glowing mace
 14036 | D:10     | Entered Level 10 of the Dungeon
 14043 | D:10     | Noticed Urug
 14123 | D:9      | Noticed a fire dragon
 14305 | D:8      | Killed a fire dragon
 14533 | D:10     | Found an iron altar of Okawaru.
 14569 | D:10     | Reached skill level 5 in Evocations
 14829 | D:10     | Killed Urug
 15239 | D:10     | Found Vozxeru's Armour Shoppe.
 15443 | D:10     | Reached ***** piety under Vehumet
 15444 | D:10     | Offered knowledge of Throw Icicle by Vehumet.
 15974 | D:10     | Reached skill level 1 in Shields
 16275 | D:10     | Noticed a two-headed ogre
 16278 | D:10     | Killed a two-headed ogre
 16360 | D:10     | Identified the +8 mace "Pamighax" {flame, +Blink +Fly MR+}
                  | (You found it on level 9 of the Dungeon)
 16517 | D:11     | Reached XP level 12. HP: 72/72 MP: 21/21
 16730 | D:11     | Noticed MatthieuS's ghost (journeyman DDWn)
 16733 | D:11     | Found a runed door.
 16994 | D:11     | Reached skill level 9 in Earth Magic
 17201 | D:11     | Found an ancient bone altar of Kikubaaqudgha.
 17537 | Lair:1   | Entered Level 1 of the Lair of Beasts
 17543 | Lair:1   | Noticed an eight-headed hydra
 17550 | Lair:1   | Killed an eight-headed hydra
 17978 | Lair:1   | Noticed a six-headed hydra
 17984 | Lair:1   | Killed a six-headed hydra
 17984 | Lair:1   | Reached skill level 5 in Staves
 19672 | Lair:1   | HP: 1/73 [blink frog (6)]
 20884 | Lair:2   | You fall through a shaft for 2 floors!
 20884 | Lair:4   | Noticed a four-headed hydra
 20932 | Lair:4   | Reached XP level 13. HP: 31/78 MP: 14/23
 21896 | Lair:3   | Offered knowledge of Bolt of Fire by Vehumet.
 22251 | Lair:3   | Reached skill level 10 in Earth Magic
 22329 | Lair:3   | Found a staircase to the Swamp.
 22404 | Lair:3   | Found a staircase to the Snake Pit.
 24272 | Lair:5   | Got a blackened scale mail
 25557 | Lair:6   | Entered Level 6 of the Lair of Beasts
 25580 | Lair:6   | Found a viscous altar of Jiyva.
 25581 | Lair:6   | Found a staircase to the Slime Pits.
 25715 | Lair:6   | Found a labyrinth entrance.
 25736 | Lab      | Entered a labyrinth
 25949 | Lab      | Gained mutation: Your large and strong wings let you fly
                  | indefinitely. [Gargoyle growth]
 25949 | Lab      | Reached XP level 14. HP: 52/84 MP: 9/25
 26158 | Lab      | Got a shimmering brass amulet
 26182 | Lab      | Identified the amulet of the Archfiend {Harm *Drain Str+4
                  | Dex+2 Slay-4} (You found it in a labyrinth)
 26244 | Lab      | Identified 2 scrolls of acquirement
 26257 | Lab      | Got a brightly glowing plate armour
 26266 | Lab      | Identified the +6 plate armour of the Thirteen Dances
                  | {rPois rF- Dex+2} (You acquired it in a labyrinth)
 26267 | Lab      | Identified the +2 scale mail "Cugybbau" {Int+5} (You found
                  | it on level 5 of the Lair of Beasts)
 27205 | Lab      | Reached skill level 10 in Fire Magic
 28641 | Lair:6   | HP: 4/86 [crocodile (8)]
 30878 | Lair:6   | Identified the Collected Works on Self-Improvement and the
                  | Traveller
 31240 | D:12     | Offered knowledge of Ozocubu's Refrigeration by Vehumet.
 31488 | D:12     | Reached skill level 11 in Earth Magic
 31643 | D:12     | Noticed Sonja
 31647 | D:12     | Killed Sonja
 31670 | D:12     | Found a runed door.
 31670 | D:12     | Noticed 90kv's ghost (journeyman MiHu)
 32471 | D:13     | Found Tocry's Antique Weapon Boutique.
 32497 | D:12     | HP: 3/87 [skeletal warrior/+0 scimitar (7)]
 32497 | D:12     | Mangled by a shadow

Vault maps used:
D:1:      psy_arrival_spokes
D:2:      uniq_robin, uniq_jessica
D:3:      chequers_serial_rivers_marsh, uniq_ijyb, uniq_sigmund
D:4:      minmay_temple_entry_glass, first_ration, minmay_misc_feat_square
D:5:      portal_sewer_entry_a, hangedman_decor_push
D:6:      uniq_duvessa, uniq_eustachio
D:7:      gammafunk_ghost_stat_death
D:8:      kennysheep_mini_moat, basic_altar, grunt_ogre_cave, uniq_harold
D:9:      minmay_the_grid_triangle_9x9_recursive_2, erik_lair_orcish_takeover,
          minmay_item_behind_shaft
D:10:     serial_shops, shop, okawaru_humans, uniq_urug
D:11:     hellmonk_ghost_happy_afterlife, minmay_curled_crystal,
          lemuel_mausoleum_altar_kikubaaqudgha
D:12:     ebering_ghost_reflecting_pool, nooodl_food_tri, uniq_sonja
D:13:     david_vaults_1, serial_shops, shop, portal_ice_cave_demonic_guard
Temple:   grunt_wide_crystal_templ
Lair:1:   wad_woods_structure_01
Lair:2:   grunt_megastairs_5, serial_bayou_shore_a, lemuel_fruit_tree
Lair:3:   cheibrodos_magma_flow, minmay_swamp_entry_swarm, dummy_snake_entry
Lair:5:   minmay_lair_oklob_chamber
Lair:6:   grunt_lair_end_beastmaster, slime_altar_1, lab_entry_generic,
          grunt_forest_large_clearing_hut
Lab:      labyrinth_hidden_loot, nicolae_lab_diamond, nicolae_lab_dead_end,
          nicolae_lab_grate, nicolae_lab_starburst, lab_fountain
Sewer:    sewer_co_15_rooms

Skill      XL: |  1  2  3  4  5  6  7  8  9 10 11 12 13 14 |
---------------+-------------------------------------------+-----
Armour         | 1 2 3 4 5 6 |  6.0
Fighting       | 1 2 3 4 5 6 7 8 9 |  9.6
Earth Magic    | 4 5 6 7 8 9 10 11 | 11.2
Dodging        | 2 3 4 5 6 7 |  7.6
Conjurations   | 1 2 3 4 5 6 7 8 9 |  9.6
Spellcasting   | 3 4 5 6 7 8 |  8.4
Evocations     | 1 2 3 4 5 6 7 |  7.8
Fire Magic     | 3 5 6 8 9 10 | 10.8
Staves         | 1 3 4 5 6 7 |  7.4
Shields        | 1 3 4 |  4.0
Stealth        | |  2.1
Transmutations | |  0.7

Action                   |  1- 3 |  4- 6 |  7- 9 | 10-12 | 13-15 || total
-------------------------+-------+-------+-------+-------+-------++-------
Melee: Unarmed           |    19 |       |       |       |       ||    19
       Short sword       |   123 |   204 |   415 |   437 |       ||  1179
       Dagger            |       |       |    84 |       |       ||    84
       Mace              |       |       |       |   557 |   471 ||  1028
       Staff             |       |       |       |       |    94 ||    94
 Cast: Sandblast         |     4 |    19 |   138 |    20 |    31 ||   212
       Stone Arrow       |       |     9 |    36 |   191 |   317 ||   553
       Lee's Rapid Decon |       |     1 |     3 |    25 |    16 ||    45
       Sticky Flame      |       |       |       |     3 |     6 ||     9
       Conjure Flame     |       |       |       |     1 |       ||     1
 Abil: Evoke Flight      |       |       |       |     1 |       ||     1
       Evoke Blink       |       |       |       |     1 |       ||     1
       Fly               |       |       |       |       |     1 ||     1
  Use: Scroll            |       |     3 |    15 |     8 |    12 ||    38
       Potion            |       |       |     8 |     5 |     3 ||    16
 Stab: Sleeping          |       |       |     4 |     2 |     3 ||     9
  Eat: Chunk             |     1 |     6 |    18 |    30 |    23 ||    78
       Ration            |       |     2 |     2 |     5 |     8 ||    17
Armor: Robe              |    54 |   145 |   261 |   376 |   504 ||  1340
Dodge: Dodged            |    98 |   222 |   407 |   670 |   822 ||  2219

Table legend:
 A = Non-vault XP
 B = Vault XP
 C = Vault XP percentage of total XP
 D = Non-vault monster count
 E = Vault monster count
 F = Vault count percentage of total count
                 A         B        C        D         E       F
            +---------+---------+-------+---------+---------+-------
      Total |   51100 |   31513 |  38.1 |     433 |     148 |  25.5
            +---------+---------+-------+---------+---------+-------
        D:1 |      42 |       0 |   0.0 |      25 |       0 |   0.0
        D:2 |     124 |      72 |  36.7 |      36 |      12 |  25.0
        D:3 |      49 |     267 |  84.5 |      12 |       2 |  14.3
        D:4 |     562 |       0 |   0.0 |      23 |       0 |   0.0
        D:5 |     584 |      33 |   5.3 |      31 |       6 |  16.2
        D:6 |    1339 |     403 |  23.1 |      28 |       3 |   9.7
        D:7 |     782 |       0 |   0.0 |      17 |       0 |   0.0
        D:8 |    2045 |    2416 |  54.2 |      23 |       5 |  17.9
        D:9 |     812 |    2255 |  73.5 |       6 |      20 |  76.9
       D:10 |    5124 |    1232 |  19.4 |      40 |       3 |   7.0
       D:11 |    2880 |     769 |  21.1 |      33 |      10 |  23.3
       D:12 |    6760 |    3074 |  31.3 |      33 |       9 |  21.4
       D:13 |    2527 |       0 |   0.0 |       9 |       0 |   0.0
     Lair:1 |    4994 |    1452 |  22.5 |      15 |       7 |  31.8
     Lair:2 |    4397 |     223 |   4.8 |      23 |       1 |   4.2
     Lair:3 |    5658 |    1817 |  24.3 |      30 |      11 |  26.8
     Lair:4 |    6067 |       0 |   0.0 |      26 |       0 |   0.0
     Lair:5 |    4050 |    2863 |  41.4 |      14 |       7 |  33.3
     Lair:6 |    2304 |    9664 |  80.7 |       9 |      18 |  66.7
        Lab |       0 |    4781 | 100.0 |       0 |      15 | 100.0
      Sewer |       0 |     192 | 100.0 |       0 |      19 | 100.0
            +---------+---------+-------+---------+---------+-------
